 Dungeon Crawl Stone Soup version 0.20-a0-267-g4a7ec2a (webtiles) character file.

250861 KristoblXynda the Severer (level 19, -14/170 HPs)
             Began as a Minotaur Berserker on Dec 6, 2016.
             Was the Champion of Trog.
             Demolished by an eight-headed hydra (19 damage)
             ... called by a spriggan druid
             ... on level 3 of the Swamp.
             The game lasted 01:44:31 (38832 turns).

KristoblXynda the Severer (Minotaur Berserker)     Turns: 38832, Time: 01:44:31

Health: -14/170    AC: 24    Str: 27    XL:     19   Next: 31%
Magic:  28/28      EV: 15    Int: 10    God:    Trog [******]
Gold:   3666       SH: 14    Dex: 11    Spells: 18/18 levels left

rFire  + + .     SeeInvis .     M - +9 broad axe (venom)
rCold  . . .     Gourm    .     n - +0 fire dragon scales
rNeg   + . .     Faith    .     N - +0 shield
rPois  +         Spirit   .     (helmet restricted)
rElec  .         Reflect  .     u - +1 cloak {+Inv}
rCorr  .         Harm     .     Q - +0 pair of gloves
MR     ++++.     Clarity  +     h - +2 pair of boots
Stlth  ..........               P - amulet of the Four Winds {rN+ MR+++ Clar}
                                a - ring of poison resistance
                                D - +4 ring of strength

@: about to teleport, studying Fighting
A: retaliatory headbutt, horns 2, icy blue scales 1, slimy green scales 1, cold
resistance 1, deformed body
}: 1/15 runes: gossamer
a: Berserk, Trog's Hand, Brothers in Arms, Burn Spellbooks, Renounce Religion,
Evoke Invisibility


You were on level 3 of the Swamp.
You worshipped Trog.
Trog was exalted by your worship.
You were not hungry.

You visited 7 branches of the dungeon, and saw 32 of its levels.
You also visited: Labyrinth, Bailey, Ice Cave, Volcano and Wizlab.

You collected 4156 gold pieces.
You spent 490 gold pieces at shops.

Inventory:

Hand Weapons
 q - a +2 demon whip of electrocution
 M - a +9 broad axe of venom (weapon)
Missiles
 Y - 5 throwing nets (quivered)
Armour
 h - a +2 pair of boots (worn)
 n - +0 fire dragon scales (worn)
 u - a +1 cloak of invisibility (worn)
 N - a +0 shield (worn)
 Q - a +0 pair of gloves (worn)
Jewellery
 a - a ring of poison resistance (right hand)
 D - a +4 ring of strength (left hand)
 P - the amulet of the Four Winds (around neck) {rN+ MR+++ Clar}
   (You found it on level 12 of the Dungeon)

   [amulet of nothing]

   It protects you from negative energy.
   It affects your resistance to hostile enchantments.
   It protects you against confusion.
Wands
 v - a wand of hasting (1/9)
 A - a wand of digging (4/24)
 F - a wand of teleportation (3/9)
Scrolls
 d - 13 scrolls of teleportation
 e - 4 scrolls of remove curse
 m - a scroll of magic mapping
 x - 7 scrolls of identify
 y - a scroll of enchant weapon
Potions
 g - 7 potions of might
 i - 5 potions of agility
 j - 2 potions of curing
 k - a potion of ambrosia
 o - 5 potions of cancellation
 p - 4 potions of invisibility
 t - a potion of magic
 w - 5 potions of haste
 G - 7 potions of flight
 O - 5 potions of brilliance
 S - 3 potions of resistance
Books
 f - a manual of Fighting
 l - a book of Transfigurations

   Spells                             Type                      Level
   a - Irradiate                      Conjuration/Transmutation    5
   b - Statue Form                    Transmutation/Earth          6
   c - Hydra Form                     Transmutation                6
   d - Dragon Form                    Transmutation                7
   Trog disapproves of the use of such an item.
Miscellaneous
 r - 2 phantom mirrors
 s - a fan of gales
 I - a sack of spiders
Comestibles
 c - 9 bread rations
 z - a chunk of flesh


   Skills:
 + Level 15.5 Fighting
 + Level 20.2 Axes
 - Level 2.5(13.9) Maces & Flails
   Level 2.5 Crossbows
 - Level 20.1 Armour
 - Level 10.0 Dodging
 - Level 15.1 Shields
 + Level 13.6 Evocations


You had 18 spell levels left.
You didn't know any spells.

Dungeon Overview and Level Annotations

Branches:
Dungeon (15/15)            Temple (1/1) D:6            Lair (6/6) D:8
  Swamp (3/4) Lair:4       Spider (4/4) Lair:3        Slime (0/5) Lair:6
    Orc (2/2) D:9             Elf (1/3) Orc:2        Vaults (0/5) D:13
 Depths (0/5) D:15

Altars:
Ashenzari
Cheibriados
Dithmenos
Elyvilon
Fedhas
Gozag
Hepliaklqana
Kikubaaqudgha
Makhleb
Nemelex Xobeh
Okawaru
Qazlal
Ru
Sif Muna
Trog
Uskayaw
Vehumet
Xom
Yredelemnul
Zin
The Shining One

Shops:
Orc:2 *(*=[


Innate Abilities, Weirdness & Mutations

You reflexively headbutt those who attack you in melee.
You have a pair of horns on your head.
You are partially covered in icy blue scales. (AC +2)
You are partially covered in slimy green scales. (AC +2)
Your flesh is cold resistant. (rC+)
Armour fits poorly on your strangely shaped body.


Message History

The eight-headed hydra bites you but does no damage. x2
As you read the scroll of teleportation, it crumbles to dust.
You feel strangely unstable. The eight-headed hydra bites you!
* * * LOW HITPOINT WARNING * * *
The eight-headed hydra barely misses you.
The eight-headed hydra bites you but does no damage.
The eight-headed hydra bites you!!
* * * LOW HITPOINT WARNING * * *
The eight-headed hydra bites you but does no damage.
You block the eight-headed hydra's attack.
The eight-headed hydra bites you but does no damage.
The eight-headed hydra misses you.
The swamp dragon breathes poison at you.
The blast of poison misses you.
You see here the human skeleton of Kirke.
Unknown command.
The eight-headed hydra bites you but does no damage. x2
You block the eight-headed hydra's attack.
The eight-headed hydra bites you!!
You die...

♣.≈≈≈..≈♣ ♣≈≈≈≈...♣♣≈..[....
♣.≈≈≈≈≈≈♣♣ ♣...≈§..♣.≈..≈≈..
♣≈≈≈≈≈≈.≈ ♣♣≈.≈≈≈♣.....≈.≈
♣♣≈≈≈§≈.♣ ♣.))†≈♣≈...♣≈≈♣
♣.≈≈....♣ ♣÷≈≈)......≈≈♣♣
♣♣≈≈.§≈.♣ ♣÷≈≈≈≈≈≈.≈≈≈≈≈♣
♣.≈≈.≈..♣♣ ♣§§§D)≈§.≈≈≈≈.♣
♣♣♣♣♣.≈≈.♣♣♣♣♣§D§≈≈≈≈..≈≈≈.♣
♣.≈≈...†♣≈@§§§≈≈≈..≈≈.♣♣
♣..≈†≈.♣..≈≈≈§≈≈≈≈≈..≈♣♣♣
♣♣.....♣..≈≈§≈≈≈≈≈..♣.≈.♣♣
♣≈....§♣♣♣.≈.♣....♣♣...≈≈.♣♣
♣..§..≈≈.
♣♣♣♣♣../♣♣♣≈♣.≈≈≈.♣
♣..♣♣♣♣≈≈≈ ♣..≈.♣♣♣♣≈.≈≈≈.
♣♣♣ ♣.≈≈ ♣♣♣♣♣♣ ♣<≈.≈♣♣ ♣.≈≈
♣≈..♣♣ .≈≈≈F ♣♣♣≈≈♣


You could see an eight-headed hydra and a swamp dragon.

Vanquished Creatures
  Rupert (D:13)
  A moon troll (WizLab)
  Asterion (Spider:1)
  A quicksilver dragon (WizLab)
  7 tentacled starspawn (WizLab)
  Agnes (D:14)
  Kirke (Swamp:3)
  A deep elf sorcerer (Elf:1)
  4 ghost moths (Spider:4)
  3 emperor scorpions
  The ghost of wazuzu the Stickfighter, a journeyman MiGl of Makhleb (Orc:1)
  An orc warlord (Orc:2)
  A cacodemon (WizLab)
  7 stone giants (WizLab)
  2 war gargoyles (WizLab)
  7 very ugly things (WizLab)
  4 entropy weavers
  Azrael (Spider:1)
  2 deep elf demonologists (Elf:1)
  3 spark wasps
  A crystal guardian (WizLab)
  Josephine (Lair:5)
  4 great orbs of eyes (WizLab)
  A minotaur (Lab)
  Fannar (Lair:1)
  17 hydras
  A yaktaur captain (D:15)
  Harold (Lair:3)
  2 ice dragons (IceCv)
  An ogre mage (D:13)
  2 ghost crabs
  2 centaur warriors (D:15)
  3 catoblepae (Lair:6)
  9 dancing weapons (Elf:1)
  7 alligators
  7 death yaks (Lair:6)
  4 orc high priests (Orc:2)
  11 deep elf knights (Elf:1)
  Sonja (D:13)
  3 swamp dragons
  2 spriggan druids (Swamp:3)
  3 starcursed masses (WizLab)
  6 deep elf archers
  5 glowing orange brains (WizLab)
  2 unseen horrors
  An orange crystal statue (WizLab)
  7 orc knights
  10 hill giants
  Pikel (D:6)
  2 shambling mangroves
  2 cyclopes
  35 wolf spiders
  2 oklob plants (Lair:6)
  25 deep elf magi
  16 orb spiders
  14 ugly things
  4 orc sorcerers
  4 manticores
  2 centaur zombies (D:14)
  4 eyes of devastation (WizLab)
  10 elephants (Lair:2)
  5 black mambas
  4 gargoyles
  A smoke demon (Volcano)
  17 spiny frogs
  2 ice statues (IceCv)
  3 centaur skeletons
  2 kobold demonologists (D:13)
  An efreet (D:15)
  6 komodo dragons
  2 yaktaurs
  6 rime drakes
  2 ice devils (Orc:2)
  5 demonic crawlers
  A red devil (Volcano)
  A tengu conjurer (D:15)
  28 jumping spiders
  11 trolls
  A two-headed ogre (D:13)
  3 polar bears
  13 hornets
  3 tyrant leeches
  Grinder (D:6)
  11 blink frogs
  A hippogriff (shapeshifter) (D:13)
  8 bog bodies
  10 hippogriffs
  24 slime creatures
  An air elemental (Elf:1)
  7 wyverns
  3 water elementals
  6 spriggans
  The ghost of Enish the Cudgeler, an amateur OgGl (D:5)
  55 redbacks
  A shadow (Swamp:2)
  Sigmund (D:2)
  5 fire elementals
  17 tarantellas
  A vampire (D:13)
  2 hogs (Swamp:3)
  7 wraiths
  A human (Swamp:3)
  2 steam dragons
  Grum (D:9)
  6 basilisks
  29 yaks
  3 hungry ghosts
  3 neqoxecs (WizLab)
  6 vampire mosquitoes
  2 wargs
  14 swamp worms
  An acid dragon (D:15)
  5 hell hounds
  10 water moccasins
  5 porcupines
  8 swamp drakes
  A black bear (D:11)
  3 sky beasts
  An eye of draining (D:12)
  38 orc warriors
  18 ice beasts
  2 phantoms
  15 centaurs
  2 wolves (D:9)
  A boggart (D:13)
  14 ogres
  13 crocodiles
  5 big kobolds
  A wyvern zombie (D:6)
  10 bullfrogs
  An earth elemental (Elf:1)
  2 scorpions
  10 killer bees
  5 wights
  6 electric eels
  8 howler monkeys
  9 crimson imps
  A bullfrog zombie (D:8)
  6 jellies
  Crazy Yiuf (D:2)
  5 hounds
  3 bullfrog skeletons
  2 gnoll shamans
  15 orc priests
  Natasha (twice) (D:3)
  2 iguanas
  25 orc wizards
  9 worker ants
  A killer bee zombie (D:7)
  A hound skeleton (D:8)
  2 worker ant zombies
  23 gnolls
  A howler monkey skeleton (D:6)
  18 adders
  5 shadow imps
  An ooze (D:5)
  2 adder zombies (D:8)
  An adder skeleton (D:5)
  5 worms
  3 dart slugs
  6 leopard geckos
  94 orcs
  7 giant cockroaches
  7 goblins
  5 hobgoblins
  7 jackals
  19 kobolds
  4 quokkas
  2 ball pythons (D:8)
  11 bats
  5 frilled lizards
  A leopard gecko zombie (D:6)
  10 rats
  A demonic plant (WizLab)
  4 fungi
  4 plants
  5 starspawn tentacles (WizLab)
1152 creatures vanquished.

Vanquished Creatures (collateral kills)
  A hornet (Spider:4)
  A hungry ghost (D:11)
  3 orc warriors (Bailey)
  A centaur (D:11)
  4 orcs (Bailey)
10 creatures vanquished.

Vanquished Creatures (others)
  A starcursed mass (WizLab)
  2 humans (Swamp:3)
  An orc priest (D:9)
  An orc wizard (D:13)
  2 bushes (D:13)
  3 demonic plants (WizLab)
  8 fungi
  5 plants (Lair:6)
  13 starspawn tentacles (WizLab)
36 creatures vanquished.

Grand Total: 1198 creatures vanquished

Notes
Turn   | Place    | Note
-------+----------+-------------------------------------------
     0 | D:1      | KristoblXynda the Minotaur Berserker began the quest for the Orb.
     0 | D:1      | Reached XP level 1. HP: 19/19 MP: 0/0
   214 | D:1      | Reached XP level 2. HP: 26/26 MP: 1/1
   898 | D:2      | Reached XP level 3. HP: 21/31 MP: 2/2
  1169 | D:2      | Reached ** piety under Trog
  1362 | D:2      | Found a snail-covered altar of Cheibriados.
  1530 | D:2      | Reached XP level 4. HP: 39/39 MP: 3/3
  1567 | D:2      | Reached skill level 5 in Axes
  1702 | D:2      | Noticed Sigmund
  1709 | D:2      | Killed Sigmund
  1709 | D:2      | Reached XP level 5. HP: 45/45 MP: 4/4
  1861 | D:2      | Reached XP level 6. HP: 44/51 MP: 5/5
  2017 | D:2      | Found a runed door.
  2149 | D:2      | Noticed Crazy Yiuf
  2153 | D:2      | Killed Crazy Yiuf
  2286 | D:3      | Reached *** piety under Trog
  2684 | D:3      | Noticed Natasha
  2692 | D:3      | Killed Natasha
  2910 | D:3      | Reached **** piety under Trog
  3094 | D:3      | Noticed Natasha
  3103 | D:3      | Killed Natasha
  3136 | D:4      | Reached XP level 7. HP: 57/57 MP: 6/6
  3143 | D:4      | Reached skill level 5 in Armour
  3257 | D:4      | Reached skill level 5 in Dodging
  4044 | D:5      | Entered Level 5 of the Dungeon
  4059 | D:5      | Noticed Enish's ghost (amateur OgGl)
  4069 | D:5      | Killed Enish's ghost
  4069 | D:5      | Reached XP level 8. HP: 64/64 MP: 7/7
  4278 | D:5      | Reached ***** piety under Trog
  4411 | D:5      | Reached skill level 10 in Axes
  4943 | D:6      | Noticed Grinder
  4957 | D:6      | Paralysed by Grinder for 7 turns
  4969 | D:6      | Killed Grinder
  5031 | D:6      | Received a gift from Trog
  5103 | D:6      | Found a staircase to the Ecumenical Temple.
  5131 | Temple   | Entered the Ecumenical Temple
  5664 | D:6      | Noticed Pikel
  5669 | D:6      | Killed Pikel
  5669 | D:6      | Reached XP level 9. HP: 70/70 MP: 2/8
  5812 | D:7      | Found an opulent altar of Gozag.
  5818 | D:7      | Found a glowing silver altar of Zin.
  5877 | D:7      | Found a sparkling altar of Nemelex Xobeh.
  6245 | D:7      | Found a radiant altar of Vehumet.
  6338 | D:7      | Found a basalt altar of Yredelemnul.
  6342 | D:7      | Found a shattered altar of Ashenzari.
  6425 | D:8      | Found a flagged portal.
  6441 | Bailey   | Entered a bailey
  7047 | Bailey   | Reached XP level 10. HP: 40/77 MP: 3/9
  7285 | Bailey   | Noticed an orc knight
  7299 | Bailey   | Noticed an orc knight
  7301 | Bailey   | Killed an orc knight
  7365 | Bailey   | Reached skill level 10 in Armour
  7421 | Bailey   | Killed an orc knight
  7421 | Bailey   | Reached skill level 5 in Fighting
  7784 | D:8      | Noticed a hill giant
  7792 | D:8      | Killed a hill giant
  7912 | D:8      | Found a staircase to the Lair.
  8242 | D:8      | Reached skill level 1 in Shields
  8493 | D:9      | Noticed a hill giant
  8498 | D:9      | Killed a hill giant
  8712 | D:9      | Reached XP level 11. HP: 25/91 MP: 3/10
  8712 | D:9      | Received a gift from Trog
  9093 | D:9      | Found a staircase to the Orcish Mines.
  9555 | D:9      | Noticed Grum
  9565 | D:9      | Killed Grum
  9566 | D:9      | Reached skill level 15 in Axes
  9655 | D:9      | Found an ancient bone altar of Kikubaaqudgha.
 10141 | Orc:1    | Entered Level 1 of the Orcish Mines
 10174 | D:10     | Entered Level 10 of the Dungeon
 10313 | D:10     | Reached skill level 5 in Shields
 10782 | D:10     | Reached skill level 1 in Evocations
 11705 | D:12     | Noticed a seven-headed hydra
 11745 | D:12     | Killed a 12-headed hydra
 11874 | D:12     | Reached XP level 12. HP: 96/97 MP: 13/13
 12227 | D:12     | Reached skill level 5 in Evocations
 12402 | D:13     | Gained mutation: Armour fits poorly on your strangely shaped body. [mutagenic meat]
 12403 | D:13     | Gained mutation: You have large cloven feet. [mutagenic meat]
 12671 | D:13     | Noticed an ogre mage
 12675 | D:13     | Paralysed by an ogre mage for 6 turns
 12685 | D:13     | Killed an ogre mage
 12712 | D:13     | Received a gift from Trog
 12884 | D:13     | Reached skill level 10 in Shields
 12939 | D:13     | Found a hide-covered altar of Uskayaw.
 12976 | D:13     | Noticed Rupert
 12978 | D:13     | Paralysed by Rupert for 6 turns
 12995 | D:13     | Killed Rupert
 13119 | D:13     | Noticed Sonja
 13125 | D:13     | Killed Sonja
 13125 | D:13     | Reached XP level 13. HP: 102/103 MP: 16/16
 13643 | D:13     | Reached skill level 15 in Armour
 13737 | D:13     | Found a bloodstained altar of Trog.
 13824 | D:13     | Found a gate to the Vaults.
 13885 | D:14     | Noticed Agnes
 13900 | D:14     | Killed Agnes
 14264 | D:14     | Lost mutation: Armour fits poorly on your strangely shaped body. [potion of cure mutation]
 14264 | D:14     | Lost mutation: You have large cloven feet. [potion of cure mutation]
 14545 | D:14     | Gained mutation: Armour fits poorly on your strangely shaped body. [mutagenic meat]
 14546 | D:14     | Gained mutation: You are dopey. (Int -2) [mutagenic meat]
 14547 | D:14     | Gained mutation: You are agile. (Dex +2) [mutagenic meat]
 14548 | D:14     | Gained mutation: Your muscles are strong. (Str +2) [mutagenic meat]
 14549 | D:14     | Gained mutation: You possess an exceptional clarity of mind. [mutagenic meat]
 14550 | D:14     | Gained mutation: You have a somewhat thin skeletal structure. (Dex +2, Stealth) [mutagenic meat]
 14551 | D:14     | Gained mutation: You are robust. (+10% HP) [mutagenic meat]
 14555 | D:14     | Gained mutation: You are partially covered in large bone plates. (SH +4) [mutagenic meat]
 14556 | D:14     | Gained mutation: You are partially covered in icy blue scales. (AC +2) [mutagenic meat]
 14557 | D:14     | Gained mutation: You occasionally shout uncontrollably at your foes. [mutagenic meat]
 15072 | D:15     | Entered Level 15 of the Dungeon
 15380 | D:15     | Received a gift from Trog
 16058 | D:15     | Found a staircase to the Depths.
 16339 | D:15     | Reached XP level 14. HP: 119/125 MP: 17/17
 16345 | D:15     | Lost mutation: You have a somewhat thin skeletal structure. (Dex +2, Stealth) [potion of cure mutation]
 16345 | D:15     | Lost mutation: You possess an exceptional clarity of mind. [potion of cure mutation]
 16345 | D:15     | Lost mutation: You are robust. (+10% HP) [potion of cure mutation]
 16345 | D:15     | Lost mutation: Your muscles are strong. (Str +2) [potion of cure mutation]
 16683 | Lair:1   | Entered Level 1 of the Lair of Beasts
 17032 | Lair:1   | Noticed Fannar
 17048 | Lair:1   | Killed Fannar
 17104 | Lair:1   | Gained mutation: You are very agile. (Dex +4) [potion of mutation]
 17104 | Lair:1   | Gained mutation: You are partially covered in slimy green scales. (AC +2) [potion of mutation]
 18331 | Lair:3   | Noticed Harold
 18346 | Lair:3   | Killed Harold
 18608 | Lair:3   | Found a hole to the Spider Nest.
 18731 | Lair:3   | Received a gift from Trog
 18818 | Lair:3   | Gained mutation: Your spells are a little harder to cast, but a little more powerful. [potion of beneficial mutation]
 18839 | Lair:3   | Found a dark tunnel.
 18845 | Volcano  | Entered a volcano
 18925 | Volcano  | Gained mutation: Your flesh is cold resistant. (rC+) [mutagenic meat]
 19016 | Volcano  | Reached skill level 15 in Shields
 19016 | Volcano  | Reached XP level 15. HP: 109/121 MP: 18/18
 20116 | Lair:4   | Found a staircase to the Swamp.
 21294 | Lair:5   | Noticed Josephine
 21304 | Lair:5   | Killed Josephine
 21421 | Lair:6   | Entered Level 6 of the Lair of Beasts
 21532 | Lair:6   | Found a staircase to the Slime Pits.
 21567 | Lair:6   | Found a labyrinth entrance.
 21571 | Lair:6   | Received a gift from Trog
 21577 | Lair:6   | Got an encrusted hand axe {god gift}
 21578 | Lair:6   | Identified the +7 hand axe of Pacrooff {venom, rC+ Stlth+} (Trog gifted it to you on level 6 of the Lair of Beasts)
 21597 | Lab      | Entered a labyrinth
 23377 | Lab      | Got a coiled emerald amulet
 23380 | Lab      | Identified the amulet of Vaduj {Gourm Str-2 Dex+8} (You found it in a labyrinth)
 23383 | Lab      | Got a crystal hand crossbow
 23384 | Lab      | Identified the cursed +1 hand crossbow "Tapluumemo" {velocity, rN+} (You found it in a labyrinth)
 23900 | Lair:6   | Reached XP level 16. HP: 121/132 MP: 20/20
 24407 | Lair:6   | Reached skill level 10 in Fighting
 24695 | Spider:1 | Entered Level 1 of the Spider Nest
 24697 | Spider:1 | Noticed Azrael
 24709 | Spider:1 | Killed Azrael
 24864 | Spider:1 | Noticed Asterion
 24881 | Spider:1 | Killed Asterion
 25140 | Spider:1 | Received a gift from Trog
 25611 | Spider:2 | Reached skill level 1 in Maces & Flails
 25611 | Spider:2 | Reached skill level 1 in Crossbows
 27027 | Spider:3 | Received a gift from Trog
 27215 | Spider:3 | Reached ****** piety under Trog
 27235 | Spider:3 | Lost mutation: Your spells are a little harder to cast, but a little more powerful. [potion of mutation]
 27236 | Spider:3 | Lost mutation: You are very agile. (Dex +4) [potion of mutation]
 27236 | Spider:3 | Lost mutation: You are dopey. (Int -2) [potion of mutation]
 27236 | Spider:3 | Gained mutation: You are robust. (+10% HP) [potion of mutation]
 27512 | Spider:4 | Entered Level 4 of the Spider Nest
 27943 | Spider:4 | Reached XP level 17. HP: 76/155 MP: 23/23
 28018 | Spider:4 | Reached skill level 10 in Dodging
 28218 | Spider:4 | Reached skill level 10 in Evocations
 29144 | Spider:4 | Got a gossamer rune of Zot
 29559 | Lair:3   | Received a gift from Trog
 29713 | Orc:1    | Gained mutation: Your magical capacity is low. (-10% MP) [a neqoxec]
 29837 | Orc:1    | Noticed wazuzu's ghost (journeyman MiGl)
 29874 | Orc:1    | Killed wazuzu's ghost
 30234 | Orc:2    | Entered Level 2 of the Orcish Mines
 30240 | Orc:2    | Found a frozen archway.
 30264 | IceCv    | Entered an ice cave
 30809 | Orc:2    | Received a gift from Trog
 30887 | Orc:2    | Found Mol Vief's Antique Armour Shop.
 30898 | Orc:2    | Bought an embroidered cloak for 189 gold pieces
 31033 | Orc:2    | Found Kuushih's General Store.
 31064 | Orc:2    | Found Onoc's Antique Weapon Shop.
 31097 | Orc:2    | Bought a scroll of remove curse for 39 gold pieces
 31097 | Orc:2    | Bought a potion of might for 52 gold pieces
 31192 | Orc:2    | Found Fyez's Jewellery Emporium.
 31200 | Orc:2    | Bought an uncursed ring of see invisible for 210 gold pieces
 31257 | Orc:2    | Found a staircase to the Elven Halls.
 31333 | Orc:2    | Found Tiekkust's General Store.
 31522 | Elf:1    | Entered Level 1 of the Elven Halls
 31609 | Elf:1    | Received a gift from Trog
 32051 | Elf:1    | Found a magical portal.
 32057 | WizLab   | Entered Lehudib's Moon Base
 32225 | WizLab   | Lost mutation: You are robust. (+10% HP) [a neqoxec]
 32421 | WizLab   | Reached XP level 18. HP: 149/149 MP: 23/23
 32452 | WizLab   | Received a gift from Trog
 33143 | WizLab   | Lost mutation: Your magical capacity is low. (-10% MP) [potion of cure mutation]
 33143 | WizLab   | Lost mutation: You are partially covered in large bone plates. (SH +4) [potion of cure mutation]
 33143 | WizLab   | Lost mutation: You are agile. (Dex +2) [potion of cure mutation]
 33143 | WizLab   | Lost mutation: You occasionally shout uncontrollably at your foes. [potion of cure mutation]
 35149 | WizLab   | Noticed a moon troll
 35166 | WizLab   | Killed a moon troll
 35389 | Elf:1    | Noticed a Tzitzimitl
 36591 | Swamp:1  | Entered Level 1 of the Swamp
 36601 | Swamp:1  | Received a gift from Trog
 37098 | Swamp:1  | Received a gift from Trog
 37454 | Swamp:2  | Reached XP level 19. HP: 151/168 MP: 27/27
 38536 | Swamp:3  | Reached skill level 15 in Fighting
 38557 | Swamp:3  | Noticed Kirke
 38574 | Swamp:3  | Killed Kirke
 38830 | Swamp:3  | HP: 4/170 [eight-headed hydra[a spriggan druid] (19)]
 38832 | Swamp:3  | Demolished by an eight-headed hydra

Vault maps used:
D:1:      tarquinn_simple_flora_water_f
D:2:      kennysheep_slug_shrine, first_bread, st_stairs_12,
          uniq_crazy_yiuf_cottage, uniq_sigmund
D:3:      minmay_door_path, roderic_curled_sauvastika, uniq_natasha
D:6:      uniq_grinder, uniq_pikel
D:7:      lemuel_round_altar, minmay_overflow_temple_star_hex,
          serial_corexii_hall, corexii_hall_statues_l, corexii_hall_statues_i
D:8:      erik_lair_dragon, enter_bailey_2, minmay_misc_feat_plants
D:9:      overflow_temple_1_default, erik_orc_1, the_bakery,
          statue_in_the_mist_lemuel, uniq_grum
D:10:     hangedman_abyss_or_decor_passed
D:12:     serial_glass, glass_columns_b, glass_columns_a, glass_columns_a,
          glass_columns_a, glass_columns_a, glass_columns_a, glass_columns_a,
          glass_columns_b
D:13:     hangedman_vaults_entry_quadrant_bands, basic_altar,
          trog_ov_bears_minmay, uniq_rupert, uniq_sonja
D:14:     uniq_agnes
D:15:     grunt_enter_depths_snipers, hangedman_glass_teeth
Temple:   nicolae_temple_figure_eight
Lair:1:   uniq_fannar
Lair:2:   wad_woods_road_03, infiniplex_staircase_pool_2
Lair:3:   spider_nest_entry_webs, enter_volcano_3, st_stairs_7,
          guppyfry_lair_drakes, uniq_harold
Lair:4:   nicolae_swamp_entry_splash_gauntlet,
          eino_small_chamber_without_monster
Lair:5:   lemuel_fruit_tree, uniq_josephine
Lair:6:   evilmike_catoblepas_cave, slime_dummy, lab_entry_generic,
          minivault_19, infiniplex_staircase_pool, minmay_lair_oklob_chamber
Swamp:1:  hangedman_swamp_lotus
Swamp:2:  evilmike_swamp_ruin_rubble_2
Swamp:3:  basic_altar, uniq_kirke
Spider:1: uniq_asterion, uniq_azrael
Spider:4: spider_rune_water, hangedman_spider_tarantella_strand
Orc:2:    grunt_orc_gardens, grunt_orc_garden, grunt_orc_garden,
          grunt_orc_garden, grunt_orc_garden, serial_shops,
          nicolae_shop_temple_entry_statues_fountains,
          portal_ice_cave_demonic_guard
Elf:1:    infiniplex_enter_wizlab_spiral, hangedman_elven_crosses_minicolossus
Lab:      lab_statue
Bailey:   bailey_polearm_5, bailey
IceCv:    ice_cave_small_dragons
Volcano:  volcano_pools
WizLab:   wizlab_lehudib

Skill      XL: |  1  2  3  4  5  6  7  8  9 10 11 12 13 14 15 16 17 18 19 |
---------------+----------------------------------------------------------+-----
Axes           | 4 6 7 9 11 13 14 15 17 18 19 20 | 20.2
Armour         | 3 4 6 8 9 11 13 14 15 16 17 18 19 20 | 20.1
Dodging        | 3 4 5 7 9 10 | 10.0
Fighting       | 6 7 8 9 10 14 15 | 15.5
Shields        | 2 7 10 12 15 | 15.1
Evocations     | 3 5 6 7 9 11 13 | 13.6
Maces & Flails | 2 |  2.5
Crossbows      | 2 |  2.5

Action                   |  1- 3 |  4- 6 |  7- 9 | 10-12 | 13-15 | 16-18 | 19-21 || total
-------------------------+-------+-------+-------+-------+-------+-------+-------++-------
Melee: Hand axe          |    80 |   161 |    25 |       |       |       |       ||   266
       Headbutt          |    10 |    26 |    55 |   112 |   175 |   345 |    47 ||   770
       War axe           |       |       |   121 |       |       |       |       ||   121
       Battleaxe         |       |       |   109 |   132 |       |       |       ||   241
       Broad axe         |       |       |       |   364 |   624 |  1241 |   213 ||  2442
       Kick              |       |       |       |    17 |    41 |       |       ||    58
Throw: Javelin           |       |       |       |     1 |       |       |       ||     1
Invok: Berserk           |       |     3 |     6 |     8 |    11 |    18 |     1 ||    47
       Trog's Hand       |       |       |     2 |     2 |       |    10 |       ||    14
       Brothers in Arms  |       |       |     1 |     1 |       |       |       ||     2
Evoke: Wand              |       |       |       |     2 |     6 |    22 |       ||    30
       Sack of spiders   |       |       |       |       |       |     3 |       ||     3
  Use: Potion            |     1 |       |     5 |     6 |     5 |    14 |     1 ||    32
       Scroll            |       |     6 |    11 |    15 |    16 |     8 |     1 ||    57
 Stab: Invisible         |       |       |       |       |       |     1 |       ||     1
  Eat: Chunk             |     2 |     7 |     9 |    11 |    22 |    10 |     7 ||    68
       Fruit             |       |       |     4 |     3 |    16 |     8 |       ||    31
       Bread ration      |       |       |     2 |       |     2 |     8 |       ||    12
       Beef jerky        |       |       |     1 |     5 |     2 |     1 |       ||     9
       Pizza             |       |       |     1 |     2 |       |     1 |       ||     4
       Royal jelly       |       |       |       |     1 |     1 |     2 |       ||     4
       Meat ration       |       |       |       |     1 |     2 |     1 |       ||     4
Armor: Chain mail        |    55 |    86 |   180 |   154 |       |   314 |       ||   789
       Skin              |       |       |       |     8 |       |       |       ||     8
       Plate armour      |       |       |       |   100 |   201 |    44 |       ||   345
       Fire dragon scale |       |       |       |       |     3 |   142 |   109 ||   254
Dodge: Dodged            |    26 |    95 |   212 |   183 |   208 |   558 |   131 ||  1413
Block: Shield            |       |       |       |   204 |   506 |  1083 |   173 ||  1966
